[Event "*** SCC Grand Prix: Titled Tuesday Blitz"]
[Site "Chess.com"]
[Date "2020.07.14"]
[Round "3"]
[White "poppy73"]
[Black "SARGISMV"]
[Result "0-1"]
[WhiteElo "2235"]
[BlackElo "2484"]
[TimeControl "180+1"]
[EndTime "10:26:23 PDT"]
[Termination "SARGISMV won by resignation"]

1. e4 e6 2. d4 d5 3. Nc3 Bb4 4. e5 c5 5. Bd2 Ne7 6. Nb5 Bxd2+ 7.
Qxd2 O-O 8. dxc5 Nd7 9. f4 Nxc5 10. O-O-O Ne4 11. Qe1 Qb6 12. Nd4 Nc6 13. Ngf3 Bd7 14.
c3 Rfc8 15. Be2 a5 16. Nxc6 bxc6 17. Rf1 Rcb8 18. b3 a4 19. b4 c5 20. Bd3 cxb4 21.
Bxe4 bxc3 22. Rf2 dxe4 23. Qxe4 Qxf2 24. Qc2 Qe3+ 0-1

[Event "*** SCC Grand Prix: Titled Tuesday Blitz"]
[Site "Chess.com"]
[Date "2020.07.14"]
[Round "3"]
[White "MacDaddyMac"]
[Black "themind1hunter"]
[Result "0-1"]
[WhiteElo "2304"]
[BlackElo "2502"]
[TimeControl "180+1"]
[EndTime "10:26:26 PDT"]
[Termination "themind1hunter won by resignation"]

1. e4 c5 2. Nc3 d6 3. f4 g6 4. Nf3 Bg7 5. Bb5+ Bd7 6. d3 Bxc3+ 7. bxc3 Bxb5 8. c4 Bd7 9. Bb2 Nf6 10. e5 Nh5 11. e6 Bxe6 12. Bxh8 f6 13. O-O Kd7 14. f5 Bf7 15. fxg6 hxg6 16. g4 Nf4 17. Bg7 g5 18. Rb1 Kc7 19. Qe1 Nc6 20. Qc3 Ne2+ 0-1

[Event "*** SCC Grand Prix: Titled Tuesday Blitz"]
[Site "Chess.com"]
[Date "2020.07.14"]
[Round "3"]
[White "Rytenko_V"]
[Black "Mbneu"]
[Result "1-0"]
[WhiteElo "2475"]
[BlackElo "2215"]
[TimeControl "180+1"]
[EndTime "10:26:30 PDT"]
[Termination "Rytenko_V won by resignation"]

1. e4 c5 2. Nf3 Nf6 3. e5 Nd5 4.
d4 cxd4 5. Qxd4 e6 6. c4 Nc6 7. Qe4 f5 8. exf6 Nxf6 9. Qh4 Be7 10. Nc3 O-O 11. Bd3 d5 12. Bg5 g6 13. O-O d4 14.
Ne4 Nxe4 15. Bxe4 Bxg5 16. Nxg5 Qe7 17. Rfe1 Qg7 18. Bxc6 bxc6 19. Nxe6 Bxe6 20. Rxe6 d3 21. Re7 Rf7 22. Rxf7 Qxf7 23. Qd4 Rf8 24. f3 Qf6 25. Qxf6 Rxf6 26. Rd1 Rd6 27. Kf2 1-0

[Event "*** SCC Grand Prix: Titled Tuesday Blitz"]
[Site "Chess.com"]
[Date "2020.07.14"]
[Round "3"]
[White "Harsha_Bharathakoti"]
[Black "Lion-Al-Messi"]
[Result "1-0"]
[WhiteElo "2776"]
[BlackElo "2434"]
[TimeControl "180+1"]
[EndTime "10:26:31 PDT"]
[Termination "Harsha_Bharathakoti won by resignation"]

1. d4 d5 2. c4 c6 3. Nf3 Nf6 4. Nc3 dxc4 5. e4 b5 6. Be2 e6 7.
O-O Bb7 8. b3 b4 9. e5 bxc3 10.
exf6 gxf6 11. bxc4 c5 12. Rb1 Qc7 13. Bf4 Qc6 14. d5 Qc8 15. Re1 Bg7 16. Qa4+ Nd7 17.
Bd6 e5 18. Bd3 Bf8 19. Nxe5 fxe5 20. Rxe5+ Kd8 21. Qa5+ Nb6 22. Rxb6 1-0

[Event "*** SCC Grand Prix: Titled Tuesday Blitz"]
[Site "Chess.com"]
[Date "2020.07.14"]
[Round "3"]
[White "Quiet_Desperation"]
[Black "DrVitman"]
[Result "1-0"]
[WhiteElo "2234"]
[BlackElo "2501"]
[TimeControl "180+1"]
[EndTime "10:26:32 PDT"]
[Termination "Quiet_Desperation won by resignation"]

1. Nf3 c5 2. b3 Nc6 3. Bb2 d6 4.
e4 e5 5. Bc4 Be6 6. Qe2 Nge7 7.
Bxe6 fxe6 8. Ng5 Qd7 9. Qf3 Ng6 10. g3 O-O-O 11. Nf7 Nd4 12. Bxd4 exd4 13. Nxh8 Nxh8 14. O-O g6 15. d3 Bg7 16. Nd2 Nf7 17. Qg2 g5 18. f4 gxf4 19. gxf4 Bh6 20. Qh3 Qe7 21. Kh1 Kb8 22. a4 e5 23. Nc4 exf4 24. Qf5 Bg5 25. a5 a6 26. Nb6 Ne5 27. Nd5 Qd7 28. Qxg5 1-0

[Event "*** SCC Grand Prix: Titled Tuesday Blitz"]
[Site "Chess.com"]
[Date "2020.07.14"]
[Round "3"]
[White "HouseOfDurin"]
[Black "Josip_buje"]
[Result "0-1"]
[WhiteElo "2001"]
[BlackElo "2289"]
[TimeControl "180+1"]
[EndTime "10:26:34 PDT"]
[Termination "Josip_buje won on time"]

1. d4 d5 2. Bg5 h6 3. Bh4 Bf5 4.
e3 Nf6 5. Bxf6 gxf6 6. c4 c6 7. cxd5 cxd5 8. Nc3 Nc6 9. a3 e6 10. g3 Qb6 11. b4 Nxb4 12. axb4 Bxb4 13. Qa4+ Kf8 14.
Ne2 Rc8 15. Rc1 Kg7 16. Bg2 Bxc3+ 17. Nxc3 Qb2 18. O-O Rxc3 19. Rxc3 Qxc3 20. Qxa7 b5 21.
Ra1 b4 22. Qa5 Rc8 23. h3 b3 24. Qxc3 Rxc3 0-1

[Event "*** SCC Grand Prix: Titled Tuesday Blitz"]
[Site "Chess.com"]
[Date "2020.07.14"]
[Round "3"]
[White "MIJUAREZ"]
[Black "mohssenbinaddi"]
[Result "0-1"]
[WhiteElo "2380"]
[BlackElo "2163"]
[TimeControl "180+1"]
[EndTime "10:26:36 PDT"]
[Termination "mohssenbinaddi won by checkmate"]

1. e4 c6 2. Nc3 d5 3. Nf3 dxe4 4. Nxe4 Bg4 5. h3 Bxf3 6. Qxf3 Nd7 7. d4 Ndf6 8. Be3 Nxe4 9. Qxe4 Qa5+ 10. Bd2 Qa4 11. a3 Nf6 12. Qf3 Qxd4 13. O-O-O Qd5 14. Qg3 Qa2 15. Bc3 Nd5 16. Bd4 O-O-O 17. c4 Nb6 18. Be2 e6 19. Kc2 Nxc4 20. Bxa7 Qxb2# 0-1

[Event "*** SCC Grand Prix: Titled Tuesday Blitz"]
[Site "Chess.com"]
[Date "2020.07.14"]
[Round "3"]
[White "1f3_2g41-0"]
[Black "AndrewMaco"]
[Result "0-1"]
[WhiteElo "2402"]
[BlackElo "2614"]
[TimeControl "180+1"]
[EndTime "10:26:41 PDT"]
[Termination "AndrewMaco won by checkmate"]

1. e4 c5 2. Nf3 d6 3. d4 cxd4 4. Nxd4 Nf6 5. Nc3 a6 6. h3 e6 7. g4 Nfd7 8. Bg2 Be7 9. Be3 Nc6 10. Qe2 Nxd4 11. Bxd4 O-O 12. O-O-O Rb8 13. Ba7 Ra8 14. Bd4 b5 15. e5 d5 16. Qe3 b4 17. Ne2 a5 18. f4 Ba6 19. f5 Bxe2 20. Qxe2 Qc7 21.
Qe3 Rfc8 22. Rd2 a4 23. f6 Bf8 24. Rf1 b3 25. fxg7 Bxg7 26. Re2 bxa2 27. Qa3 Nxe5 28. Qxa2 Nd3+ 29. Kb1 Nb4 30. Qa3 Nxc2 31. Qd3 Nxd4 32. Ref2 a3 33. Rxf7 a2+ 34. Ka1 Qc1+ 35. Rxc1 Rxc1+ 36. Qb1 Rxb1# 0-1

[Event "*** SCC Grand Prix: Titled Tuesday Blitz"]
[Site "Chess.com"]
[Date "2020.07.14"]
[Round "3"]
[White "Evgeny81"]
[Black "Agibileg"]
[Result "1-0"]
[WhiteElo "2749"]
[BlackElo "2431"]
[TimeControl "180+1"]
[EndTime "10:26:43 PDT"]
[Termination "Evgeny81 won by resignation"]

1. e4 e5 2. Nf3 d6 3. d4 Nd7 4. Bc4 Be7 5. dxe5 Nxe5 6. Nxe5 dxe5 7. Qh5 g6 8. Qxe5 Nf6 9. Bh6 Rg8 10. Bg5 Ng4 11.
Qxe7+ Qxe7 12. Bxe7 Kxe7 13. Nc3 c6 14. Be2 Nf6 15.
O-O-O Be6 16. f4 b5 17. Bf3 Rgc8 18. e5 Ne8 19. Rhe1 Rab8 20. Ne4 c5 21. Nd6 Nxd6 22. Rxd6 Rb6 23. Red1 Rxd6 24. Rxd6 a5 25. Rb6 b4 26.
Ra6 c4 27. Rxa5 b3 28. Ra7+ Kf8 29. axb3 cxb3 30. Ra8 Rxa8 31. Bxa8 Ke8 1-0

[Event "*** SCC Grand Prix: Titled Tuesday Blitz"]
[Site "Chess.com"]
[Date "2020.07.14"]
[Round "3"]
[White "Mikhail_Golubev"]
[Black "Dr_crypt"]
[Result "1-0"]
[WhiteElo "2586"]
[BlackElo "2397"]
[TimeControl "180+1"]
[EndTime "10:26:44 PDT"]
[Termination "Mikhail_Golubev won by checkmate"]

1. e4 d5 2. exd5 Qxd5 3. Nf3 Bg4 4. Be2 e5 5. Nc3 Qe6 6. O-O Nc6 7. Re1 O-O-O 8. Ng5 Bxe2 9. Nxe6 Bxd1 10. Nxd8 Kxd8 11. Nxd1 Bc5 12. b3 f6 13. Bb2 Nge7 14. Nc3 Nf5 15. Ne4 Bb6 16. c3 Kc8 17. Rad1 Rd8 18. Kf1 a5 19. d3 Nce7 20. g3 Nc6 21. Kg2 h6 22. h4 a4 23. bxa4 Rd5 24. Bc1 Ra5 25. f4 Rxa4 26. Re2 h5 27. Rf1 Nh6 28. fxe5 Nxe5 29.
Bxh6 gxh6 30. Nxf6 Ng4 31. Re8# 1-0

[Event "*** SCC Grand Prix: Titled Tuesday Blitz"]
[Site "Chess.com"]
[Date "2020.07.14"]
[Round "3"]
[White "boasovietica"]
[Black "AvitalBor"]
[Result "0-1"]
[WhiteElo "2472"]
[BlackElo "2731"]
[TimeControl "180+1"]
[EndTime "10:26:48 PDT"]
[Termination "AvitalBor won by resignation"]

1. e4 e5 2. Nf3 Nc6 3. Bb5 a6 4. Ba4 Nf6 5. O-O b5 6. Bb3 Bb7 7. d3 Be7 8. Nc3 O-O 9. Nd5 Na5 10. Nxe7+ Qxe7 11. Re1 h6 12. c3 Nxb3 13. axb3 d6 14.
b4 Rad8 15. Qe2 Nh7 16. d4 f5 17. exf5 Rxf5 18. Nd2 Qh4 19. Ne4 exd4 20. cxd4 Re8 21. g3 Qxe4 0-1

[Event "*** SCC Grand Prix: Titled Tuesday Blitz"]
[Site "Chess.com"]
[Date "2020.07.14"]
[Round "3"]
[White "Ave_Mariia"]
[Black "GelmanAlexander"]
[Result "0-1"]
[WhiteElo "2381"]
[BlackElo "2575"]
[TimeControl "180+1"]
[EndTime "10:26:50 PDT"]
[Termination "GelmanAlexander won by resignation"]

1. c4 c5 2. Nc3 Nf6 3. Nf3 e6 4. g3 d6 5. Bg2 a6 6. O-O Be7 7.
d3 O-O 8. e4 Nc6 9. h3 Rb8 10. a4 b6 11. Be3 Nd7 12. d4 cxd4 13. Nxd4 Bb7 14. f4 Rc8 15. b3 Nc5 16. Nc2 Nxb3 17.
Rb1 Nca5 18. Bf2 Rxc4 19. Qd3 Qc7 20. Be1 Rc8 21. Rf3 Bf6 22. Na3 Rxa4 23. Nc2 Rc4 24. Na3 Rxc3 25. Bxc3 Bxc3 0-1

[Event "*** SCC Grand Prix: Titled Tuesday Blitz"]
[Site "Chess.com"]
[Date "2020.07.14"]
[Round "3"]
[White "PauloCesarCosta_sad"]
[Black "googlegoom"]
[Result "1-0"]
[WhiteElo "2220"]
[BlackElo "2451"]
[TimeControl "180+1"]
[EndTime "10:26:51 PDT"]
[Termination "PauloCesarCosta_sad won by checkmate"]

1. Nf3 d5 2. d4 Nf6 3. c4 c6 4. Nc3 e6 5. e3 Be7 6. Bd3 dxc4 7.
Bxc4 Nbd7 8. O-O b5 9. Bd3 a6 10. e4 c5 11. e5 Ng4 12. Ne4 cxd4 13. Nd6+ Bxd6 14. exd6 Qb6 15. Be4 Rb8 16. Nxd4 Qxd6 17. Qxg4 Qxd4 18. Rd1 Qe5 19. Bc6 h5 20. Qb4 Rb6 21.
Bf4 Qf5 22. Bxd7+ Bxd7 23. Rxd7 Kxd7 24. Rd1+ Ke8 25. Bc7 Rc6 26. Rd8# 1-0

[Event "*** SCC Grand Prix: Titled Tuesday Blitz"]
[Site "Chess.com"]
[Date "2020.07.14"]
[Round "3"]
[White "Alberquintin"]
[Black "Kolle05"]
[Result "0-1"]
[WhiteElo "2445"]
[BlackElo "2374"]
[TimeControl "180+1"]
[EndTime "10:26:55 PDT"]
[Termination "Kolle05 won by resignation"]

1. c4 Nf6 2. Nc3 g6 3. g3 Bg7 4.
Bg2 O-O 5. Nf3 d6 6. O-O Nc6 7. d3 e5 8. Rb1 a5 9. a3 Ne7 10. b4 axb4 11. axb4 Nh5 12. Bb2 f5 13. Ra1 Rxa1 14.
Bxa1 f4 15. Ne4 Bg4 16. h3 Bf5 17. Nh4 Bxe4 18. Bxe4 fxg3 19. fxg3 Nxg3 20. Rxf8+ Qxf8 21. Bf3 Ngf5 22. Nxf5 Qxf5 23. Bxb7 Qxh3 24. Qf1 Qg3+ 25. Bg2 Nf5 26. Qf2 h5 27. Qxg3 Nxg3 28. Kf2 Nf5 29.
c5 dxc5 30. bxc5 Kf7 31. Bd5+ Ke7 32. Bc3 h4 33. Bd2 Bh6 34. Bc3 Be3+ 35. Kf3 Kf6 36. Ke4 Bd4 37. Ba5 h3 38. Kf3 h2 0-1

[Event "*** SCC Grand Prix: Titled Tuesday Blitz"]
[Site "Chess.com"]
[Date "2020.07.14"]
[Round "3"]
[White "vinniethepooh"]
[Black "Pavel_Mir"]
[Result "1-0"]
[WhiteElo "2554"]
[BlackElo "2356"]
[TimeControl "180+1"]
[EndTime "10:26:57 PDT"]
[Termination "vinniethepooh won by resignation"]

1. d4 Nf6 2. c4 c6 3. Nc3 d5 4.
cxd5 cxd5 5. f3 g6 6. e4 dxe4 7. fxe4 Bg7 8. Nf3 O-O 9. Bd3 Bg4 10. Be3 Nc6 11. d5 Ne5 12. Be2 Bxf3 13. gxf3 Nh5 14. f4 Nd7 15. Bxh5 gxh5 16. Qxh5 Qa5 17. Bd2 Nf6 18.
Qg5 h6 19. Qg2 Kh8 20. e5 Nd7 21. O-O-O b5 22. Rhg1 Rg8 23. Qh3 Nc5 24. f5 Qa6 25. f6 b4 26. Bxh6 1-0

[Event "*** SCC Grand Prix: Titled Tuesday Blitz"]
[Site "Chess.com"]
[Date "2020.07.14"]
[Round "3"]
[White "albano87"]
[Black "StephenDedalus83"]
[Result "1-0"]
[WhiteElo "2455"]
[BlackElo "2801"]
[TimeControl "180+1"]
[EndTime "10:27:02 PDT"]
[Termination "albano87 won by resignation"]

1. e4 c5 2. Nf3 Nc6 3. d4 cxd4 4. Nxd4 Qc7 5. Nb5 Qb8 6. g3 a6 7. N5c3 e6 8. Bg2 Nf6 9. O-O h5 10. Bf4 Ne5 11. Nd2 Bc5 12. Na4 d6 13. Bxe5 dxe5 14. Nxc5 h4 15. Nc4 Ke7 16. f4 exf4 17. e5 Ne8 18.
Rxf4 Qc7 19. b4 hxg3 20. hxg3 Rb8 21. Nd6 f5 22. exf6+ Nxf6 23. Nxc8+ Rhxc8 24. Qd4 Rd8 25. Qe3 Rd6 26. Raf1 a5 27. Qe5 Rf8 28. Nxe6 Qb6+ 29. Nc5+ Kd8 30. bxa5 1-0

[Event "*** SCC Grand Prix: Titled Tuesday Blitz"]
[Site "Chess.com"]
[Date "2020.07.14"]
[Round "3"]
[White "mbachez"]
[Black "ftorodent"]
[Result "1-0"]
[WhiteElo "2427"]
[BlackElo "2628"]
[TimeControl "180+1"]
[EndTime "10:27:02 PDT"]
[Termination "mbachez won by resignation"]

1. e4 c5 2. Nf3 e6 3. g3 Nc6 4. Bg2 d6 5. O-O Nf6 6. Re1 Be7 7. c3 e5 8. d4 cxd4 9. cxd4 Bg4 10. d5 Nd4 11. Nc3 O-O 12. Be3 Nxf3+ 13. Bxf3 Bd7 14. Qb3 b5 15. a4 bxa4 16. Nxa4 Ne8 17. Rec1 Nc7 18. Nc3 Qb8 19. Qd1 g6 20. Qd2 a5 21.
Be2 a4 22. Na2 f5 23. f3 Na6 24. Rc2 Qb3 25. Nc1 Qb7 26. Nd3 Bb5 27. Rac1 Bd8 28. Nf2 Bxe2 29. Qxe2 Bb6 30. Bxb6 Qxb6 31. Rc6 Qb7 32.
Rxd6 1-0

[Event "*** SCC Grand Prix: Titled Tuesday Blitz"]
[Site "Chess.com"]
[Date "2020.07.14"]
[Round "3"]
[White "Infernal_XaM"]
[Black "JoakimVonAnd"]
[Result "1-0"]
[WhiteElo "2991"]
[BlackElo "2444"]
[TimeControl "180+1"]
[EndTime "10:27:04 PDT"]
[Termination "Infernal_XaM won by checkmate"]

1. d4 Nf6 2. c4 e6 3. Nf3 d5 4. Nc3 c6 5. g3 Nbd7 6. Bg2 dxc4 7. O-O b5 8. Qc2 Bb7 9. e4 Be7 10. Bf4 O-O 11. Rad1 a6 12. h4 h6 13. Rfe1 Qb6 14.
d5 cxd5 15. exd5 Nc5 16. Nd4 Nd3 17. Rxd3 cxd3 18. Qxd3 Bc5 19. Be3 Nxd5 20. Bxd5 Bxd5 21. b4 Bxb4 22. Nf5 Qd8 23. Nxg7 Kxg7 24. Qd4+ Qf6 25. Bxh6+ Kg6 26. h5+ Kxh6 27. Qxf6+ Kh7 28. Ne4 Rg8 29. Qxf7+ Rg7 30. Ng5+ Kh8 31. Qf6 Bxe1 32. h6 Rg8 33. hxg7+ Rxg7 34. Qf8+ Rg8 35. Qh6# 1-0

[Event "*** SCC Grand Prix: Titled Tuesday Blitz"]
[Site "Chess.com"]
[Date "2020.07.14"]
[Round "3"]
[White "TheNextLevelFan"]
[Black "CarlosAlbornoz"]
[Result "0-1"]
[WhiteElo "2536"]
[BlackElo "2811"]
[TimeControl "180+1"]
[EndTime "10:27:06 PDT"]
[Termination "CarlosAlbornoz won by resignation"]

1. d4 Nf6 2. c4 g6 3. Nc3 Bg7 4. e4 d6 5. Nf3 Bg4 6. Be2 O-O 7.
O-O Nfd7 8. Be3 Nc6 9. d5 Bxf3 10. Bxf3 Na5 11. Be2 Bxc3 12. bxc3 e5 13. Rb1 b6 14.
f4 exf4 15. Rxf4 Qe7 16. Bd4 Ne5 17. Qf1 Rae8 18. Kh1 Nb7 19. Qf2 Nc5 20. Rf1 Ncd3 21. Qg3 Nxf4 22. Rxf4 f6 23. h4 Rf7 24. Kg1 Ref8 25.
h5 Rg7 26. h6 Rgf7 27. Bg4 Nxg4 28. Rxg4 Re8 29. Qf4 Kf8 30. Qf3 f5 31. Bg7+ Kg8 32. exf5 Rxf5 0-1

[Event "*** SCC Grand Prix: Titled Tuesday Blitz"]
[Site "Chess.com"]
[Date "2020.07.14"]
[Round "3"]
[White "omer1997"]
[Black "keepitcool9499"]
[Result "0-1"]
[WhiteElo "2360"]
[BlackElo "2559"]
[TimeControl "180+1"]
[EndTime "10:27:07 PDT"]
[Termination "keepitcool9499 won by resignation"]

1. e4 e6 2. d4 d5 3. Nd2 c5 4. Ngf3 Nc6 5. exd5 Qxd5 6. Bc4 Qd8 7. O-O Nf6 8. dxc5 Bxc5 9. Nb3 Bd6 10. Bg5 O-O 11. Bxf6 gxf6 12. Qd2 Qc7 13. Qh6 Ne7 14. Bd3 Ng6 15.
g3 Rd8 16. Nbd4 Bf8 17. Qh5 Bg7 18. Rad1 a6 19. h4 Rd5 20. Qg4 f5 21. Qg5 Bxd4 22. h5 f6 23. Qh6 Qxg3+ 24. Kh1 Qxf3+ 25. Kg1 f4 0-1

[Event "*** SCC Grand Prix: Titled Tuesday Blitz"]
[Site "Chess.com"]
[Date "2020.07.14"]
[Round "3"]
[White "Gabix_94"]
[Black "Mischuk_D"]
[Result "1/2-1/2"]
[WhiteElo "2904"]
[BlackElo "2643"]
[TimeControl "180+1"]
[EndTime "10:27:08 PDT"]
[Termination "Game drawn by repetition"]

1. c4 e6 2. Nc3 d5 3. d4 c5 4.
cxd5 exd5 5. Nf3 Nc6 6. g3 Nf6 7. Bg2 cxd4 8. Nxd4 Bc5 9. Nb3 Bb6 10. O-O d4 11.
Na4 O-O 12. Bf4 Bg4 13. h3 Bh5 14. Rc1 Re8 15. g4 Bg6 16. Nac5 Ne4 17. Nd3 h5 18. Nd2 hxg4 19. hxg4 Qh4 20. Nxe4 Bxe4 21. f3 Bg6 22.
Qd2 Ba5 23. b4 Bxd3 24. bxa5 Bxe2 25. Rfe1 d3 26. a6 Nd8 27. Bg5 Qg3 28. Bf4 Qh4 29. Bg5 Qg3 30. Bf4 Qh4 1/2-1/2

[Event "*** SCC Grand Prix: Titled Tuesday Blitz"]
[Site "Chess.com"]
[Date "2020.07.14"]
[Round "3"]
[White "Matibar"]
[Black "bratkoo"]
[Result "1-0"]
[WhiteElo "2677"]
[BlackElo "2463"]
[TimeControl "180+1"]
[EndTime "10:27:08 PDT"]
[Termination "Matibar won by resignation"]

1. d4 e6 2. Bf4 d5 3. e3 Bd6 4.
Bg3 Ne7 5. Bd3 Nf5 6. Bxf5 exf5 7. Ne2 O-O 8. Nd2 Re8 9. O-O Be6 10. Rc1 c6 11. c4 h6 12. Qb3 Re7 13. Bxd6 Qxd6 14.
Nf4 g5 15. cxd5 gxf4 16. dxe6 fxe6 17. Nc4 Qc7 18. Ne5 fxe3 19. fxe3 Nd7 20. Rxf5 Rf8 21.
Rxf8+ Nxf8 22. Rf1 Nd7 23. Ng6 Re8 24. e4 Kh7 25. e5 Nb6 26. Qd3 Kg7 27. Nh4 Qd8 28. Qg6+ Kh8 29. Qxh6+ Kg8 30. Qg6+ Kh8 31. Qh5+ Kg8 32.
Qg4+ Kh8 33. Rf7 1-0

[Event "*** SCC Grand Prix: Titled Tuesday Blitz"]
[Site "Chess.com"]
[Date "2020.07.14"]
[Round "3"]
[White "crazychessbr"]
[Black "The_Machine04"]
[Result "1-0"]
[WhiteElo "2075"]
[BlackElo "2286"]
[TimeControl "180+1"]
[EndTime "10:27:09 PDT"]
[Termination "crazychessbr won by checkmate"]

1. e4 d6 2. d3 Nf6 3. g3 e5 4. Bg2 Be7 5. Nf3 Nc6 6. O-O h5 7. c3 Bd7 8. Nbd2 Qc8 9. Ng5 h4 10. Qb3 Rf8 11. f4 hxg3 12. hxg3 Ng4 13. Ndf3 Nd8 14. fxe5 dxe5 15. d4 c6 16. Nxe5 Nxe5 17. dxe5 Ne6 18. Nh7 Bc5+ 19. Rf2 Rh8 20. Ng5 Nxg5 21. Bxg5 Bh3 22. Qxf7# 1-0

[Event "*** SCC Grand Prix: Titled Tuesday Blitz"]
[Site "Chess.com"]
[Date "2020.07.14"]
[Round "3"]
[White "ARTHURMOTIVATOR"]
[Black "heyiampotato"]
[Result "0-1"]
[WhiteElo "2340"]
[BlackElo "2534"]
[TimeControl "180+1"]
[EndTime "10:27:11 PDT"]
[Termination "heyiampotato won by resignation"]

1. e4 c5 2. b3 e6 3. Bb2 a6 4. Nf3 Nc6 5. d4 cxd4 6. Nxd4 Qf6 7. Be2 Bb4+ 8. Kf1 Bc5 9. c3 e5 10. Nf3 d6 11. Nbd2 Nge7 12. h3 O-O 13. Nc4 b5 14. Ne3 Bxe3 15. fxe3 Qh6 16. Qd2 f5 17. exf5 Nxf5 18.
Qd5+ Be6 19. Qxc6 Qxe3 20. Ke1 Ng3 0-1

[Event "*** SCC Grand Prix: Titled Tuesday Blitz"]
[Site "Chess.com"]
[Date "2020.07.14"]
[Round "3"]
[White "Euge_chess"]
[Black "barriochess"]
[Result "0-1"]
[WhiteElo "2000"]
[BlackElo "2289"]
[TimeControl "180+1"]
[EndTime "10:27:11 PDT"]
[Termination "barriochess won on time"]

1. e4 d6 2. d4 Nf6 3. Nc3 g6 4. Nf3 Bg7 5. Bd3 O-O 6. O-O Bg4 7. h3 Bxf3 8. Qxf3 Nc6 9. d5 Nd4 10. Qd1 c5 11. dxc6 Nxc6 12. f4 a6 13. Kh2 Rc8 14.
Nd5 Nxd5 15. exd5 Nb4 16. Be4 f5 17. Bd3 Nxd3 18. Qxd3 Qc7 19. c3 Qc4 20. Qxc4 Rxc4 21. Be3 b5 22. a3 a5 23. Rac1 Rfc8 24. g4 Kf7 25. gxf5 gxf5 26. Rg1 Bf6 27. Rg2 b4 28. axb4 axb4 29. Rgc2 bxc3 30. bxc3 Rxc3 31. Rxc3 Rxc3 32.
Rxc3 Bxc3 33. Kg3 Bf6 34. h4 h5 35. Bb6 e6 36. Bc7 exd5 37. Bxd6 Ke6 38. Bb4 d4 39.
Bd2 Kd5 40. Be1 Ke4 41. Bd2 d3 42. Bc1 Bc3 43. Kf2 d2 0-1

[Event "*** SCC Grand Prix: Titled Tuesday Blitz"]
[Site "Chess.com"]
[Date "2020.07.14"]
[Round "3"]
[White "swimmerchess"]
[Black "SamuelGhimpu2003"]
[Result "1-0"]
[WhiteElo "2829"]
[BlackElo "2600"]
[TimeControl "180+1"]
[EndTime "10:27:12 PDT"]
[Termination "swimmerchess won by resignation"]

1. e4 e6 2. d4 d5 3. Nc3 Nf6 4. e5 Nfd7 5. f4 c5 6. Nf3 Nc6 7. Be3 Be7 8. Qd2 O-O 9. dxc5 Qa5 10. Bd3 Bxc5 11. Bxc5 Nxc5 12. Ne2 Qxd2+ 13. Kxd2 Bd7 14. Ned4 Rfc8 15. g4 Rab8 16. h4 Na4 17. b3 Nc5 18.
h5 Nxd4 19. Nxd4 a5 20. a3 Rc7 21. b4 Na4 22. f5 f6 23. Rhe1 exf5 24. gxf5 Re8 25. e6 1-0

[Event "*** SCC Grand Prix: Titled Tuesday Blitz"]
[Site "Chess.com"]
[Date "2020.07.14"]
[Round "3"]
[White "harkerchess"]
[Black "jonychess03"]
[Result "1/2-1/2"]
[WhiteElo "2091"]
[BlackElo "2300"]
[TimeControl "180+1"]
[EndTime "10:27:12 PDT"]
[Termination "Game drawn by stalemate"]

1. d4 Nf6 2. Bg5 Ne4 3. Bf4 d5 4. Nd2 Nd7 5. Nxe4 dxe4 6. e3 Nf6 7. Qd2 Bf5 8. O-O-O e6 9. f3 exf3 10. gxf3 Bd6 11.
e4 Bxf4 12. Qxf4 Bg6 13. Bc4 Qd7 14. d5 exd5 15. exd5 O-O-O 16. Ne2 Qf5 17. Qxf5+ Bxf5 18. Ng3 Bg6 19. Rhe1 Rhe8 20. Rxe8 Rxe8 21. Kd2 Rd8 22.
Ke3 Bxc2 23. Rd2 Bg6 24. Ne4 Nxe4 25. fxe4 f6 26. Kf4 Re8 27. Re2 Bf7 28. Kf5 c6 29. Rg2 Bg6+ 30. Rxg6 hxg6+ 31. Kxg6 Rxe4 32. Bb3 cxd5 33. Bxd5 Rg4+ 34. Kf7 Rg1 35. h4 Kc7 36. h5 b6 37. Be4 Kd6 38. Bg6 Ke5 39. Kxg7 f5 40.
h6 f4 41. h7 Rh1 42. h8=Q Rxh8 43. Kxh8 f3 44. Bd3 Kd4 45. Ba6 Kc5 46. Bf1 Kd4 47. Kg7 Ke3 48. Kf6 Kd2 49. Bc4 Kc2 50. Ke5 Kxb2 51. Ke4 f2 52. Ke3 f1=Q 53. Bxf1 Kxa2 54. Kd4 Kb3 55. Bc4+ Kb4 56. Bg8 a5 57. Kd3 Ka3 58.
Kc2 b5 59. Kb1 b4 60. Be6 b3 61. Bxb3 Kxb3 62. Ka1 a4 63. Kb1 a3 64. Ka1 a2 1/2-1/2

[Event "*** SCC Grand Prix: Titled Tuesday Blitz"]
[Site "Chess.com"]
[Date "2020.07.14"]
[Round "3"]
[White "PowerThinking2650"]
[Black "PrinceMurad09"]
[Result "0-1"]
[WhiteElo "2334"]
[BlackElo "2520"]
[TimeControl "180+1"]
[EndTime "10:27:13 PDT"]
[Termination "PrinceMurad09 won by resignation"]

1. e4 c5 2. Nf3 d6 3. d4 cxd4 4.
Nxd4 Nf6 5. Nc3 g6 6. Be3 Bg7 7.
f3 Nc6 8. Qd2 O-O 9. O-O-O d5 10.
Kb1 Rb8 11. h4 e6 12. h5 Nxh5 13. g4 Ng3 14. Rh3 Nxd4 15. Bxd4 Nxf1 16. Rxf1 dxe4 17. Qh2 Qxd4 18. Rxh7 exf3 19. Rh1 Rd8 20. Qxb8 f2 21. Qh2 b5 22. a3 Bb7 23. Rh8+ Bxh8 24. Qh7+ Kf8 25.
Qxh8+ Qxh8 26. Rxh8+ Ke7 27. Rh1 Bxh1 0-1

[Event "*** SCC Grand Prix: Titled Tuesday Blitz"]
[Site "Chess.com"]
[Date "2020.07.14"]
[Round "3"]
[White "hongnhung1234"]
[Black "ural58"]
[Result "0-1"]
[WhiteElo "2239"]
[BlackElo "2487"]
[TimeControl "180+1"]
[EndTime "10:27:13 PDT"]
[Termination "ural58 won by resignation"]

1. e4 d5 2. exd5 Qxd5 3. Nc3 Qa5 4. d4 Nf6 5. Nf3 Nc6 6. Bd2 a6 7. Bc4 Qh5 8. O-O Bg4 9. Be2 O-O-O 10. Bf4 Nxd4 11. Nxd4 Bxe2 12. Qxe2 Rxd4 13. Qxh5 Nxh5 14. Be5 Rd2 15. Ne4 Rd5 16. Bc3 e6 17. Rad1 Be7 18.
Rxd5 exd5 19. Ng3 Nxg3 20. hxg3 f6 21. Re1 Kd7 22. Bd4 c5 23. Bc3 Bd6 24. f4 Re8 25.
Rd1 Kc6 26. Kf2 b5 27. a3 d4 28. Be1 Kd5 29. Kf3 f5 30. Rd3 Rxe1 0-1

[Event "*** SCC Grand Prix: Titled Tuesday Blitz"]
[Site "Chess.com"]
[Date "2020.07.14"]
[Round "3"]
[White "SHIVACalypso"]
[Black "rhinoceros2015"]
[Result "1-0"]
[WhiteElo "2435"]
[BlackElo "2676"]
[TimeControl "180+1"]
[EndTime "10:27:16 PDT"]
[Termination "SHIVACalypso won by resignation"]

1. Nf3 Nf6 2. c4 b6 3. g3 Bb7 4. Bg2 g6 5. O-O Bg7 6. Nc3 c5 7. d4 cxd4 8. Nxd4 Bxg2 9. Kxg2 Qc8 10. Qd3 O-O 11. Rd1 Nc6 12. e3 Ne5 13. Qe2 Qxc4 14. Qxc4 Nxc4 15. b3 Ne5 16. Ba3 d6 17. Rac1 Rfc8 18.
Ncb5 a6 19. Nc7 Ra7 20. Nd5 Rxc1 21. Nxf6+ Bxf6 22. Rxc1 b5 23. Rc8+ Kg7 24. Bb2 Nd3 25. Nc6 Rb7 26. Bxf6+ Kxf6 27. Rf8 e6 28. Ra8 Rb6 29.
Nb8 Nc1 30. Nd7+ 1-0

[Event "*** SCC Grand Prix: Titled Tuesday Blitz"]
[Site "Chess.com"]
[Date "2020.07.14"]
[Round "3"]
[White "Antipov_Mikhail_Al"]
[Black "DortmundCity"]
[Result "0-1"]
[WhiteElo "2846"]
[BlackElo "2631"]
[TimeControl "180+1"]
[EndTime "10:27:18 PDT"]
[Termination "DortmundCity won by resignation"]

1. e4 c5 2. Nf3 Nc6 3. Bb5 Nd4 4. Nxd4 cxd4 5. O-O a6 6. Ba4 g6 7. d3 Bg7 8. Nd2 b5 9. Bb3 e6 10. f4 Ne7 11. Nf3 Bb7 12. Bd2 O-O 13. a4 Qc7 14. Qe1 f5 15. e5 Bxf3 16. Rxf3 Nc6 17. Bb4 Rfc8 18. Bd6 Qa5 19. Qh4 Qd2 20. a5 Nxa5 21. Rxa5 Qxa5 22. Qe7 Qd8 23. Qxd8+ Rxd8 24. Rf1 Rdc8 25.
Ra1 a5 26. Rc1 a4 27. Ba2 Bf8 28. Bxf8 Kxf8 29. Kf2 0-1